Map: Lerilak Crest

Players

Rumaje

  • Race: Terran Terran

LilDicky - Winner!

  • Race: Terran Terran
  • League: Diamond

VOD

http://www.twitch.tv/tumescentpie

Description

Time

  • Played on: Dec. 2, 2015, 11:45 a.m.
  • Length: 7:22
Show
View Real Time Build Order
Export as new Build Order

Rumaje Terran 

Build Orders:  

Get SALT Encoding   

  12  0:01  SCV  
  13  0:13  SCV  
  14  0:20  Supply Depot  
  14  0:25  SCV  
  15  0:30  Refinery  
  15  0:41  SCV  
  16  0:46  Barracks  
  16  0:53  SCV  
  17  1:05  SCV  
  18  1:22  SCV  
  18  1:35  SCV  
  19  1:55  Marine  
  19  1:57  SCV, Supply Depot  
  19  2:00  Factory  
  20  2:09  SCV  
  20  2:15  Marine  
  22  2:20  Command Center  
  22  2:25  SCV  
  22  2:28  Refinery  
  23  2:32  Marine  
  23  2:50  Hellion, Marine  
  26  3:08  Marine  
  27  3:16  Hellion  
  29  3:20  Starport  
  29  3:26  Marine  
  30  3:33  SCV x2  
  32  3:37  Engineering Bay  
  32  3:57  Factory Tech Lab  
  32  3:58  Starport Tech Lab  
  32  4:00  Orbital Command  
  32  4:10  Marine  
  32  4:11  Orbital Command  
  32  4:13  Bunker  
  36  4:25  Banshee  
  36  4:26  Cloaking Field  
  36  4:28  Marine  
  37  4:36  Cyclone  
  37  4:53  Marine  
  37  4:54  Missile Turret  
  37  4:57  SCV x2  
  37  4:59  Refinery  
  40  5:08  Siege Tank  
  40  5:09  SCV  
  40  5:10  SCV  
  45  5:16  Marine  
  46  5:29  SCV  
  46  5:31  SCV  
  46  5:34  Marine  
  45  5:36  Orbital Command  
  45  5:41  SCV  
  32  5:54  Siege Tank  
  32  5:56  Viking  
  37  6:02  Missile Turret  
  31  6:11  Marine  
  31  6:29  Marine  
  32  6:33  SCV x2  
  31  6:47  Marine  
Show
View Real Time Build Order
Export as new Build Order

LilDicky Terran - Winner!

Build Orders: Banshee Rush 

Get SALT Encoding   

  12  0:01  SCV  
  13  0:13  SCV  
  14  0:17  Supply Depot  
  14  0:25  SCV  
  15  0:32  Refinery  
  15  0:38  SCV  
  16  0:45  Barracks  
  16  0:51  SCV  
  17  1:03  SCV  
  18  1:15  SCV  
  19  1:27  SCV  
  20  1:32  Supply Depot  
  20  1:38  Reaper  
  20  1:40  Orbital Command  
  20  1:56  Refinery  
  20  2:01  Factory  
  20  2:06  SCV  
  21  2:11  Marine  
  22  2:18  SCV  
  23  2:29  Marine  
  24  2:30  SCV  
  25  2:48  SCV  
  25  2:49  Factory Tech Lab  
  26  2:52  Starport, Marine  
  26  2:54  Supply Depot  
  27  3:01  SCV  
  28  3:09  Marine  
  29  3:13  SCV  
  29  3:19  Command Center  
  30  3:24  Supply Depot  
  30  3:25  SCV  
  31  3:27  Marine  
  34  3:36  Cloaking Field  
  34  3:37  Banshee, SCV  
  35  3:48  Marine  
  35  3:49  Widow Mine  
  38  4:05  SCV  
  38  4:06  Marine  
  38  4:09  Supply Depot  
  40  4:20  Factory Tech Lab  
  40  4:24  Banshee, Marine  
  42  4:25  SCV  
  42  4:31  Orbital Command  
  45  4:42  Marine  
  45  4:45  Siege Tank  
  45  4:59  Marine  
  45  5:01  SCV  
  47  5:07  Banshee  
  47  5:11  Supply Depot  
  47  5:12  SCV  
  51  5:17  Siege Tank  
  54  5:21  SCV  
  47  5:51  Marine  
  47  5:52  Viking  
  47  5:53  Engineering Bay  
  49  6:09  Marine  
  49  6:10  Siege Tank  
  53  6:22  Raven  
  53  6:26  Marine  
  53  6:31  Missile Turret  
  45  6:47  SCV  
  46  6:48  Siege Tank  
  46  6:49  Marine  
  46  6:50  SCV  
Tags
 
Add a new tag
Caveats
  • Supply blocks, unpowered buildings, or Contaminate may cause inaccurate times.
  • Supply counts are checked every 10 seconds.